 Dungeon Crawl Stone Soup version 0.26.1-11-gd32895ea62 (webtiles) character file.

Game seed: 8790689706105367583

261 tizbic2 the Skirmisher (level 6, -5/52 HPs)
             Began as a Ghoul Berserker on June 26, 2021.
             Was a Believer of Trog.
             Slain by Duvessa
             ... wielding a +0 short sword
              (10 damage)
             ... on level 3 of the Dungeon.
             The game lasted 00:21:16 (2593 turns).

tizbic2 the Skirmisher (Ghoul Berserker)            Turns: 2593, Time: 00:21:17

Health: -5/52      AC: 10    Str: 20    XL:     6   Next: 18%
Magic:  5/5        EV:  8    Int:  3    God:    Trog [**....]
Gold:   135        SH:  0    Dex: 10    Spells: 5/5 levels left

rFire    . . .     SeeInvis .   a - +0 short sword (vamp)
rCold    + . .     Faith    .   (no shield)
rNeg     + + +     Spirit   .   p - +0 chain mail
rPois    ∞         Reflect  .   i - +0 helmet
rElec    .         Harm     .   (no cloak)
rCorr    +         Rampage  .   (no gloves)
Will     .....                  (no boots)
Stlth    ..........             n - amulet of regeneration
HPRegen  0.00/turn              t - ring of resist corrosion
MPRegen  0.09/turn              (no ring)

@: no status effects
A: claws 1, cold resistance 1, negative energy resistance 3, inhibited
regeneration, torment resistance, unbreathing
a: Renounce Religion, Trog's Hand


You were on level 3 of the Dungeon.
You worshipped Trog.
Trog was pleased with you.
You visited 1 branch of the dungeon, and saw 4 of its levels.

You collected 135 gold pieces.

Inventory:

Hand Weapons
 a - a +0 vampiric short sword (weapon)
 q - a +1 hunting sling of freezing
Missiles
 e - 100 stones (quivered)
 o - 4 curare-tipped darts
Armour
 i - a +0 helmet (worn)
 p - a +0 chain mail (worn)
Jewellery
 n - an amulet of regeneration (around neck)
 t - a ring of resist corrosion (left claw)
Scrolls
 l - a scroll of remove curse
Potions
 b - a potion of brilliance {unknown}
 d - a potion of cancellation {unknown}
 g - a potion of heal wounds {unknown}
 h - a potion of mutation {unknown}
 k - a potion of ambrosia {unknown}
 m - a potion of berserk rage {unknown}
 r - a potion of flight {unknown}


   Skills:
 + Level 3.9 Fighting
 * Level 1.0 Short Blades
 + Level 3.6 Axes
 * Level 2.8 Slings
 * Level 2.7 Armour
 * Level 2.6 Dodging


You had 5 spell levels left.
You didn't know any spells.
Your spell library was empty.

Dungeon Overview and Level Annotations

Branches:
Dungeon (4/15)
 Temple: D:4-7

Altars:
Sif Muna
Zin

Annotations:
D:3 Duvessa


Innate Abilities, Weirdness & Mutations

You thrive by killing the living.
You are immune to poison.
You have sharp fingernails.
Your flesh is cold resistant. (rC+)
You are immune to negative energy. (rN+++)
You do not regenerate when monsters are visible.
You are immune to unholy pain and torment.
You can survive without breathing.


Message History

Duvessa hits you with a +0 short sword. Duvessa hits you but does no damage.
You barely miss Duvessa.
Duvessa is heavily wounded.
Duvessa hits you with a +0 short sword. x2
You hit Duvessa but do no damage.
Duvessa is heavily wounded.
Duvessa hits you with a +0 short sword.
Your skin stops crawling.
You feel less strong-willed. Duvessa hits you with a +0 short sword!
* * * LOW HITPOINT WARNING * * *
Duvessa hits you with a +0 short sword!
* * * LOW HITPOINT WARNING * * *
You climb upwards.
There is a stone staircase leading down here.
Duvessa hits you but does no damage. Duvessa hits you with a +0 short sword.
* * * LOW HITPOINT WARNING * * *
As you read the scroll of fog, it crumbles to dust.
The scroll dissolves into smoke.
Duvessa hits you with a +0 short sword!
You die...

.....# #...#..#.#
#.#.....'.... #######
#...#..#.# #.#.....#####
...(..# #......#.#
#.#.#........ #####.#
#......#.# #.#.#.####### #
#.# #......#.###.# #.##.....
# #.# #............#
#.##.#### # #.#
#####§##.##### #.##.# # #.#
#>e§§#####.#.##.#### # #.#
###@§§..............
#.##########§§.####.#.#..####
#..............# #.#.#.##
############.#.# # #.#.#
#.#... #.#.# #.##### #.#.#
#.# #. #.#.# #.# #. #.#.# #.#
#. #.#.#


You could see Duvessa (berserk).

Vanquished Creatures
  Dowan (D:4)
  A bullfrog skeleton (D:4)
  Jessica (D:3)
  2 adders (D:2)
  4 gnolls
  2 worms (D:3)
  8 dart slugs
  4 leopard geckos
  4 orcs
  4 bats
  2 giant cockroaches
  3 goblins (D:2)
  7 hobgoblins
  11 jackals
  3 quokkas (D:2)
  A ball python (D:1)
  2 frilled lizards
  4 kobolds
  10 rats
74 creatures vanquished.

Notes
Turn   | Place    | Note
-------+----------+-------------------------------------------
     0 | D:1      | tizbic2 the Ghoul Berserker began the quest for the Orb.
     0 | D:1      | Reached XP level 1. HP: 19/19 MP: 0/0
    51 | D:1      | Reached XP level 2. HP: 16/26 MP: 1/1
   344 | D:2      | Reached XP level 3. HP: 14/31 MP: 2/2
   456 | D:2      | Found a shimmering blue altar of Sif Muna.
   523 | D:2      | Reached ** piety under Trog
   628 | D:2      | Reached XP level 4. HP: 27/40 MP: 3/3
  1083 | D:2      | Reached skill level 1 in Slings
  1764 | D:3      | Noticed Jessica
  1789 | D:3      | Killed Jessica
  1790 | D:3      | Reached XP level 5. HP: 37/46 MP: 4/4
  1809 | D:3      | Found a glowing silver altar of Zin.
  2465 | D:4      | Noticed Dowan
  2468 | D:4      | Noticed Duvessa
  2585 | D:4      | Killed Dowan
  2586 | D:4      | Reached skill level 1 in Short Blades
  2586 | D:4      | Reached XP level 6. HP: 39/52 MP: 5/5
  2593 | D:3      | Slain by Duvessa

Illustrated notes

Levels and vault maps discovered:
D:1:      shiori_arrival_oz, layout_rooms, hangedman_decor_points
D:2:      layout_basic, lemuel_crystal_altar
D:3:      layout_basic, overflow_temple_1_default, uniq_jessica
D:4:      kennysheep_big_flooded_room, layout_basic,
          nicolae_overflow_hidden_temple, lemuel_crystal_altar,
          lemuel_angel_altar, uniq_duvessa, uniq_edmund

Skill      XL: |  1  2  3  4  5 |
---------------+----------------+-----
Axes           | 3 |  3.6
Dodging        | 2 |  2.6
Armour         | 2 |  2.7
Slings         | 1 2 |  2.8
Short Blades   | 1 |  1.0
Fighting       | |  3.9

Action                   |  1- 3 |  4- 6 || total
-------------------------+-------+-------++-------
Melee: Hand axe          |   137 |    36 ||   173
       Short sword       |       |    82 ||    82
       Hunting sling     |       |     1 ||     1
 Fire: Hunting sling     |     2 |    90 ||    92
Throw: Stone             |     3 |       ||     3
Invok: Trog's Hand       |       |     2 ||     2
  Use: Scroll            |       |    12 ||    12
       Potion            |       |     1 ||     1
Armor: Animal skin       |     3 |       ||     3
       Ring mail         |    63 |    13 ||    76
       Chain mail        |       |    57 ||    57
Dodge: Dodged            |   101 |    64 ||   165
